 Dungeon Crawl Stone Soup version 0.20.0-15-g7f486f2 (console) character file.

382 removed the Magician (level 6, -2/28 HPs)
             Began as a Spriggan Necromancer on June 10, 2017.
             Was an Initiate of Ashenzari.
             Killed by divine providence
             ... invoked by an orc priest
              (10 damage)
             ... on level 4 of the Dungeon.
             The game lasted 00:04:34 (4723 turns).

removed the Magician (Spriggan Necromancer)         Turns: 4723, Time: 00:04:35

Health: -2/28      AC:  2    Str:  4    XL:     6   Next: 47%
Magic:  6/16       EV: 18    Int: 18    God:    Ashenzari [......]
Gold:   211        SH:  0    Dex: 17    Spells: 13/17 levels left

rFire    . . .     SeeInvis +   k - +0 trident
rCold    . . .     Gourm    .   (shield currently unavailable)
rNeg     . . .     Faith    .   a - +0 robe
rPois    .         Spirit   .   (helmet restricted)
rElec    .         Reflect  .   (no cloak)
rCorr    .         Harm     .   (gloves unavailable)
MR       +....                  (boots unavailable)
Stlth    ++........             (no amulet)
Regen    0.1/turn               (no ring)
MPRegen  0.2/turn               (no ring)

@: very quick
A: unfitting armour, see invisible, herbivore 3, speed 3, slow metabolism 2
a: Curse Item, Renounce Religion


You were on level 4 of the Dungeon.
You worshipped Ashenzari.
Ashenzari was noncommittal.
You were hungry.

You visited 1 branch of the dungeon, and saw 4 of its levels.

You collected 211 gold pieces.

Inventory:

Hand Weapons
 k - a +0 trident (weapon)
Armour
 a - a +0 robe (worn)
Jewellery
 e - an uncursed ring of ice
Scrolls
 g - a scroll of fog {unknown}
 i - 2 scrolls of noise {unknown}
 j - 2 scrolls of amnesia {unknown}
 l - a scroll of magic mapping {unknown}
 m - a scroll of blinking {unknown}
 n - a scroll of recharging {unknown}
 p - a scroll of fear {unknown}
 r - a scroll of enchant weapon {unknown}
Potions
 f - 3 potions of curing {unknown}
 h - a potion of magic {unknown}
 o - a potion of lignification {unknown}
 q - 2 potions of brilliance {unknown}
 s - a potion of heal wounds {unknown}
 u - a potion of haste {unknown}
 v - a potion of agility {unknown}
Books
 b - a book of Necromancy

   Spells                             Type                      Level
   a - Pain                           Necromancy                   1
   b - Animate Skeleton               Necromancy                   1
   c - Vampiric Draining              Necromancy                   3
   d - Regeneration                   Charms/Necromancy            3
   e - Animate Dead                   Necromancy                   4
   f - Control Undead                 Necromancy                   4
Comestibles
 c - 5 bread rations
 d - 3 royal jellies
 t - 7 fruits


   Skills:
 - Level 3.0 Dodging
 - Level 3.0 Stealth
 + Level 6.3 Spellcasting
 + Level 5.5 Necromancy


You had 13 spell levels left.
You knew the following spells:

 Your Spells              Type           Power        Failure   Level  Hunger
a - Pain                  Necr           ####         1%          1    None
b - Vampiric Draining     Necr           ####......   3%          3    ##.....


Dungeon Overview and Level Annotations

Branches:
Dungeon (4/15)
 Temple: D:4-7

Altars:
Ashenzari
Cheibriados


Innate Abilities, Weirdness & Mutations

You are very small and have problems with some larger weapons.
You are too small for most types of armour.
You have supernaturally acute eyesight. (SInv)
You are a herbivore.
You cover ground extremely quickly.
You need consume almost no food.


Message History

The orc priest calls down the wrath of Beogh upon you.
You resist with significant effort.
Casting: Pain
Confirm with . or Enter, or press ? or * to list all spells.
Aiming: Pain
Press: ? - help, Shift-Dir - straight line, f - orc priest
Aim: an orc priest, wielding a hand axe (chance to defeat MR: 84%)
The orc priest writhes in agony!
Casting: Pain
Confirm with . or Enter, or press ? or * to list all spells.
Aiming: Pain
Press: ? - help, Shift-Dir - straight line, f/p - orc priest
Aim: an orc priest, wielding a hand axe (heavily wounded, chance to defeat MR: 84%)
The orc priest writhes in agony!
The orc priest calls down the wrath of Beogh upon you.
Pain shoots through your body!
* * * LOW HITPOINT WARNING * * *
The orc priest calls down the wrath of Beogh upon you.
Beogh smites you!
You die...

.#+##..####.. .
##+#..).. ..
#).### .# ##'#..
..# ##+#.....
..# +.....###
..## #..####..
.###.######..#
+.. #..
......oo@....#
#..# #).
......o###...#
##.+ ### .......
#...# #.####.)
.....). #...#
+.#..#.. ......o
#..######.#.)###
.......
#..#...#..#'##..
......o
#..#.%.#........
...oo..
#..'...##'#..#'#
#..#)..+..#..#..


You could see an orc priest and 2 orcs.

Vanquished Creatures
  2 ogres (D:4)
  A hound skeleton (D:4)
  4 gnolls
  7 adders
  3 oozes
  2 worms
  2 dart slugs
  A leopard gecko (D:1)
  7 orcs
  3 giant cockroaches
  8 hobgoblins
  7 jackals (D:3)
  10 kobolds
  A quokka (D:3)
  A ball python (D:3)
  8 bats
  5 frilled lizards
  11 goblins
  4 rats
87 creatures vanquished.

Vanquished Creatures (others)
  5 toadstools (D:1)
5 creatures vanquished.

Grand Total: 92 creatures vanquished

Notes
Turn   | Place    | Note
-------+----------+-------------------------------------------
     0 | D:1      | removed the Spriggan Necromancer began the quest for the Orb.
     0 | D:1      | Reached XP level 1. HP: 9/9 MP: 5/5
    67 | D:1      | Reached skill level 3 in Spellcasting
    67 | D:1      | Reached XP level 2. HP: 6/13 MP: 0/7
   642 | D:1      | Found a shattered altar of Ashenzari.
   681 | D:1      | Became a worshipper of Ashenzari the Shackled
  1044 | D:1      | Reached XP level 3. HP: 9/16 MP: 0/9
  2040 | D:2      | Reached skill level 4 in Spellcasting
  2598 | D:2      | Reached XP level 4. HP: 17/21 MP: 4/11
  2843 | D:3      | Found a snail-covered altar of Cheibriados.
  3204 | D:3      | Reached XP level 5. HP: 13/24 MP: 0/13
  3557 | D:3      | Reached skill level 5 in Spellcasting
  3739 | D:3      | Reached skill level 5 in Necromancy
  4201 | D:4      | Noticed an ogre
  4214 | D:4      | Killed an ogre
  4214 | D:4      | Reached XP level 6. HP: 13/28 MP: 9/15
  4219 | D:4      | Learned a level 3 spell: Vampiric Draining
  4462 | D:4      | Reached skill level 6 in Spellcasting
  4723 | D:4      | Killed from afar by an orc priest

Skill      XL: |  1  2  3  4  5  6 |
---------------+-------------------+-----
Spellcasting   | 3 4 5 6 |  6.3
Necromancy     | 4 5 |  5.5
Dodging        | |  3.0
Stealth        | |  3.0

Action                   |  1- 3 |  4- 6 || total
-------------------------+-------+-------++-------
Melee: Trident           |     1 |    10 ||    11
 Cast: Pain              |    77 |   115 ||   192
Armor: Robe              |       |     2 ||     2
Dodge: Dodged            |     9 |    26 ||    35
